 Dungeon Crawl Stone Soup version 0.29.1-15-g9cfb28693d (webtiles) character file.

Game seed: 9689931650834174994

65 croobank the Firebug (level 3, 0/22 (25) HPs)
             Began as a Demonspawn Fire Elementalist on Mar 20, 2023.
             Slain by a necrophage (3 damage)
             ... on level 3 of the Dungeon.
             The game lasted 00:05:54 (2990 turns).

croobank the Firebug (Demonspawn Fire Elementalist) Turns: 2990, Time: 00:05:55

HP:   0/22 (25)     AC:  2    Str: 14    XL:     3   Next: 92%
MP:   2/6           EV: 12    Int: 18    God:
Gold: 141           SH:  0    Dex: 13    Spells: 2/6 levels left

rFire   . . .      SeeInvis .   c - +0 dagger (freeze)
rCold   . . .      Faith    .   (no shield)
rNeg    . . .      Spirit   .   a - +0 robe
rPois   .          Reflect  .   (no helmet)
rElec   .          Harm     .   (no cloak)
rCorr   .          Rampage  .   (no gloves)
Will    .....                   (no boots)
Stlth   ++........              g - amulet of the acrobat
HPRegen 0.07/turn               f - +6 ring of strength
MPRegen 0.10/turn               (no ring)

@: very slightly contaminated, heavily drained
A: demonic guardian 1
a: no special abilities


You were on level 3 of the Dungeon.
You visited 1 branch of the dungeon, and saw 3 of its levels.

You collected 141 gold pieces.

Inventory:

Hand Weapons
 c - a +0 dagger of freezing (weapon)
Missiles
 o - 2 poisoned darts
Armour
 a - a +0 robe (worn)
 i - a +3 buckler
Jewellery
 f - a +6 ring of strength (left hand)
 g - an amulet of the acrobat (around neck)
Wands
 l - a wand of mindburst (13)
Scrolls
 d - 2 scrolls of amnesia
 e - 4 scrolls of identify
Potions
 h - 2 potions of curing
 k - a potion of might
 n - 4 potions of mutation


   Skills:
 + Level 0.3 Fighting
 + Level 2.3 Dodging
 + Level 2.3 Stealth
 + Level 0.6 Shields
 + Level 2.4 Spellcasting
 + Level 1.7 Conjurations
 + Level 3.0 Fire Magic


You had 2 spell levels left.
You knew the following spells:

 Your Spells              Type           Power      Damage    Failure   Level
a - Foxfire               Conj/Fire      40%        2x1d6     7%          1
b - Scorch                Fire           26%        2d6       8%          2
c - Beastly Appendage     Tmut           4%         N/A       17%         1

Your spell library contained the following spells:

 Spells                   Type           Power      Damage    Failure   Level
 Ensorcelled Hibernation  Hex/Ice        4%         N/A       26%         2
 Wereblood                Tmut           2%         N/A       26%         2
 Conjure Flame            Conj/Fire      10%        6-21      21%         3
 Inner Flame              Hex/Fire       7%         N/A       28%         3
 Spider Form              Tmut/Pois      2%         N/A       45%         3
 Flame Wave               Conj/Fire      10%        2d6       54%         4
 Anguish                  Hex/Necr       1%         N/A       86%         4


Dungeon Overview and Level Annotations

Branches:
Dungeon (3/15)

Altars:

Shops:
D:2 (


Innate Abilities, Weirdness & Mutations

A weak demonic guardian rushes to your aid.


Message History

The endoplasm is moderately wounded.
The endoplasm freezes you.
You are frozen.
You hit the endoplasm. You freeze the endoplasm.
The endoplasm is severely wounded.
The endoplasm freezes you.
You are frozen.
You hit the endoplasm. You freeze the endoplasm.
You kill the endoplasm!
The necrophage hits you.
Casting: Scorch (safe; 8% risk of failure)
Confirm with . or Enter, or press ? or * to list all spells.
Flames lash the necrophage.
The necrophage is lightly damaged.
The necrophage's fire resistance burns away.
The necrophage hits you.
Casting: Scorch (safe; 8% risk of failure)
Confirm with . or Enter, or press ? or * to list all spells.
Flames lash the necrophage.
The necrophage is burned terribly!
The necrophage is heavily damaged.
The necrophage hits you.
You feel drained.
* * * LOW HITPOINT WARNING * * *
Casting: Scorch (safe; 8% risk of failure)
Confirm with . or Enter, or press ? or * to list all spells.
You don't have enough magic to cast this spell.
You feel better. The necrophage hits you.
You feel drained. Magic courses through your body.
The necrophage completely misses you.
Casting: Scorch (safe; 8% risk of failure)
Confirm with . or Enter, or press ? or * to list all spells.
Flames lash the necrophage.
The necrophage is burned terribly!
The necrophage is almost destroyed.
The necrophage hits you!
A demonic guardian appears!
Casting: Scorch (safe; 8% risk of failure)
Confirm with . or Enter, or press ? or * to list all spells.
You miscast Scorch.
You are very lightly contaminated with residual magic.
Nothing appears to happen.
The necrophage hits you!
* * * LOW HITPOINT WARNING * * *
You feel drained.
You die...

..# #.# #########
#)######## ###
#........
###.##..... ..#
#.######.
........# #.#
#.##.....
#.#....##### #5#
#.##.###.
###..........# #@#
#.##.# #.
.........###.###n#
#.##.###.
####...#....n....#
#........
##.######.#####
####.#### #.# #.#
## #.# #.# #.. ..#
#.# #+## #### #.#
#.# #...## #.# #.#
#.....# ## #.#
######.##


You could see a necrophage (combustible, ally target) and a friendly ufetubus
(summoned).

Vanquished Creatures
  2 adders (D:2)
  A worm (D:2)
  2 bats
  5 endoplasms
  2 giant cockroaches (D:2)
  2 hobgoblins (D:1)
  4 quokkas
  9 ball pythons
  2 frilled lizards
  5 goblins
  5 kobolds
  5 rats
44 creatures vanquished.

Vanquished Creatures (others)
  101 foxfires
101 creatures vanquished.

Grand Total: 145 creatures vanquished

Notes
Turn   | Place    | Note
-------+----------+-------------------------------------------
     0 | D:1      | croobank the Demonspawn Fire Elementalist began the quest
                  | for the Orb.
     0 | D:1      | Reached XP level 1. HP: 13/13 MP: 3/3
   434 | D:1      | Found a faded altar of an unknown god.
   512 | D:1      | Gained mutation: A weak demonic guardian rushes to your
                  | aid. [demonic ancestry]
   512 | D:1      | Reached XP level 2. HP: 19/19 MP: 0/5
   661 | D:1      | Learned a level 2 spell: Scorch
  1458 | D:2      | Reached XP level 3. HP: 24/24 MP: 0/6
  1572 | D:2      | Learned a level 1 spell: Beastly Appendage
  1843 | D:2      | Reached skill level 3 in Fire Magic
  1903 | D:2      | Found Gios's Weapon Shop.
  2940 | D:3      | Noticed a necrophage
  2990 | D:3      | Slain by a necrophage

Illustrated notes

Levels and vault maps discovered:
D:1:      minmay_arrival_stair_chambers, layout_loops_ring,
          hellmonk_ecumenical_altar_leap_of_faith
D:2:      layout_basic, serial_shops, nicolae_shop_trees, dk_vineyard_2,
          minmay_quadrilaterals
D:3:      layout_loops_corners, fedhas_altar_3, serial_shops,
          nicolae_lakefront_shop

Skill      XL: |  1  2  3 |
---------------+----------+-----
Stealth        | 2 |  2.3
Dodging        | 2 |  2.3
Fire Magic     | 3 |  3.0
Fighting       | |  0.3
Shields        | |  0.6
Spellcasting   | |  2.4
Conjurations   | |  1.7

Action                   || total
-------------------------++-------
Melee: Dagger            ||    13
 Cast: Foxfire           ||    58
       Scorch            ||    22
  Use: Scroll            ||    10
       Potion            ||     2
Armor: Robe              ||     2
Dodge: Dodged            ||     9
